 Dungeon Crawl Stone Soup version 0.30-a0-778-g2ef04afb54 (webtiles) character file.

Game seed: 1073090444936879647

487 BigDaddyOpFi the Shooter (level 7, -2/55 HPs)
             Began as a Barachi Hunter on Feb 15, 2023.
             Slain by Edmund
             ... wielding a +2 flail of protection
              (6 damage)
             ... on level 4 of the Dungeon.
             The game lasted 00:04:05 (3074 turns).

BigDaddyOpFi the Shooter (Barachi Hunter)           Turns: 3074, Time: 00:04:05

Health: -2/55      AC:  8    Str: 14    XL:     7   Next: 13%
Magic:  7/7        EV:  7    Int:  9    God:
Gold:   165        SH:  0    Dex: 16    Spells: 6/6 levels left

rFire   + . .      SeeInvis .    a - +2 shortbow
rCold   + . .      Faith    .    (shield currently unavailable)
rNeg    . . .      Spirit   .    n - +0 chain mail
rPois   +          Reflect  .    (no helmet)
rElec   +          Harm     .    (no cloak)
rCorr   +          Rampage  .    (no gloves)
Will    .....                    (no boots) Stlth
                                 g - amulet of the acrobat
HPRegen 0.29/turn                (no ring)
MPRegen 0.10/turn                (no ring)

@: resistant, slow
A: amphibious, slowness 1, strong legs 1, +LOS
a: Hop


You were on level 4 of the Dungeon.
You visited 1 branch of the dungeon, and saw 4 of its levels.

You collected 165 gold pieces.

Inventory:

Hand Weapons
 a - a +2 shortbow (weapon)
 d - a +0 dagger
Armour
 n - a +0 chain mail (worn)
Jewellery
 g - an amulet of the acrobat (around neck)
Scrolls
 b - 2 scrolls of immolation
 c - a scroll of noise
 h - 2 scrolls of vulnerability
 j - 4 scrolls of teleportation
 p - a scroll of fog
Potions
 e - 2 potions of berserk rage
 i - a potion of ambrosia {unknown}
 k - a potion of haste {unknown}
 l - a potion of curing {unknown}
 m - a potion of flight {unknown}


   Skills:
 + Level 4.9 Fighting
 + Level 5.4 Ranged Weapons
 + Level 4.5 Dodging
 + Level 3.5 Stealth


You had 6 spell levels left.
You didn't know any spells.
Your spell library was empty.

Dungeon Overview and Level Annotations

Branches:
Dungeon (4/15)
 Temple: D:4-7

Altars:
Ru

Shops:
D:1 *

Annotations:
D:4 Edmund


Innate Abilities, Weirdness & Mutations

You are amphibious.
You cover ground slowly.
You can hop short distances.
You have an extended range of vision and can be seen from far away.


Message History

The air fills with toxic fumes!
As you read the scroll labelled UHOOTS XOCA, it crumbles to dust.
It was a scroll of poison.
Edmund hits you but does no damage.
You don't know any spells.
Okay, then.
Fire: a) +2 shortbow
Press: ? - help, Q - select action, (/) - cycle Shift-Dir - straight line, f/p - Edmund
Aim: Edmund, wielding a +2 flail of protection and wearing a +0 ring mail (heavily wounded, 69% to hit)
You shoot an arrow.
The arrow hits Edmund but does no damage.
Edmund is heavily wounded.
Edmund barely misses you.
Fire: a) +2 shortbow
Press: ? - help, Q - select action, (/) - cycle Shift-Dir - straight line, f/p - Edmund
Aim: Edmund, wielding a +2 flail of protection and wearing a +0 ring mail (heavily wounded, 69% to hit)
You shoot an arrow. The arrow hits Edmund.
Edmund is severely wounded.
Edmund hits you with a +2 flail of protection. x2
* * * LOW HITPOINT WARNING * * *
Fire: a) +2 shortbow
Press: ? - help, Q - select action, (/) - cycle Shift-Dir - straight line, f/p - Edmund
Aim: Edmund, wielding a +2 flail of protection and wearing a +0 ring mail (severely wounded, 69% to hit)
You shoot an arrow. The arrow barely misses Edmund.
Edmund hits you with a +2 flail of protection.
* * * LOW HITPOINT WARNING * * *
Edmund hits you with a +2 flail of protection!
* * * LOW HITPOINT WARNING * * *
Fire: a) +2 shortbow
Press: ? - help, Q - select action, (/) - cycle Shift-Dir - straight line, f/p - Edmund
Aim: Edmund, wielding a +2 flail of protection and wearing a +0 ring mail (severely wounded, 69% to hit)
You shoot an arrow. The arrow hits Edmund.
Edmund is severely wounded.
Edmund hits you with a +2 flail of protection.
* * * LOW HITPOINT WARNING * * *
Edmund hits you but does no damage.
Unknown command.
It was a potion of resistance.
You feel protected.
Edmund hits you with a +2 flail of protection.
You die...

######### #.......##
§###############.........
○§○§○§§@@§○§§§##.......#.
○○§§○○§§§○○§☼§§§§...##...
☼###########§☼§§°........
######..###... #........
#..###.... #..## ##...
...... .....
.#...........


You could see Edmund.

Vanquished Creatures
  Grinder (D:4)
  A necrophage (D:3)
  A scorpion (D:4)
  A howler monkey (D:4)
  A jelly (D:4)
  An iguana (D:3)
  3 adders
  2 worms
  An orc (D:4)
  5 bats
  3 giant cockroaches
  7 goblins
  5 hobgoblins
  4 jackals (D:2)
  A quokka (D:2)
  7 ball pythons
  A frilled lizard (D:1)
  9 kobolds
  7 rats
61 creatures vanquished.

Vanquished Creatures (others)
  A plant (D:3)
1 creature vanquished.

Grand Total: 62 creatures vanquished

Notes
Turn   | Place    | Note
-------+----------+-------------------------------------------
     0 | D:1      | BigDaddyOpFi the Barachi Hunter began the quest for the
                  | Orb.
     0 | D:1      | Reached XP level 1. HP: 17/17 MP: 1/1
    91 | D:1      | Reached skill level 1 in Stealth
   194 | D:1      | Found Ecarapag's General Store.
   264 | D:1      | Reached XP level 2. HP: 22/23 MP: 2/2
   827 | D:2      | Reached XP level 3. HP: 18/29 MP: 3/3
  1203 | D:2      | Reached XP level 4. HP: 31/35 MP: 4/4
  1448 | D:3      | Noticed a necrophage
  1465 | D:3      | Killed a necrophage
  1466 | D:3      | Reached XP level 5. HP: 26/42 MP: 5/5
  1544 | D:3      | Found a sacrificial altar of Ru.
  1934 | D:3      | Found a faded altar of an unknown god.
  2307 | D:4      | Noticed Grinder
  2313 | D:4      | Paralysed by Grinder for 3 turns
  2327 | D:4      | Killed Grinder
  2328 | D:4      | Reached skill level 5 in Ranged Weapons
  2328 | D:4      | Reached XP level 6. HP: 15/49 MP: 6/6
  2790 | D:4      | Reached XP level 7. HP: 38/55 MP: 7/7
  3056 | D:4      | Noticed Edmund
  3074 | D:4      | Slain by Edmund

Illustrated notes

Levels and vault maps discovered:
D:1:      ncdulo_lavacross, layout_basic, serial_shops, nicolae_shop_trees,
          minmay_ruptured
D:2:      layout_loops_ring
D:3:      layout_rooms, mainiacjoe_overflow_24_doors,
          shapermc_ecumenical_altar_mp_ritualfount, serial_bayou,
          serial_bayou_pond_c, serial_bayou_lagoon_a, serial_bayou_ford_a,
          serial_bayou_pond_c, serial_bayou_lake_a, serial_bayou_shore_a
D:4:      layout_rooms, uniq_edmund, uniq_grinder

Skill      XL: |  1  2  3  4  5 |
---------------+----------------+-----
Stealth        | 1 2 3 |  3.5
Fighting       | 3 4 |  4.9
Dodging        | 3 4 |  4.5
Ranged Weapons | 5 |  5.4

Action                     |  1- 3 |  4- 6 |  7- 9 || total
---------------------------+-------+-------+-------++-------
  Melee: Dagger            |       |     8 |     7 ||    15
   Fire: Shortbow          |   131 |    75 |    15 ||   221
Ability: Hop               |       |     2 |       ||     2
    Use: Scroll            |     5 |     2 |     3 ||    10
         Potion            |       |     4 |     1 ||     5
 Armour: Scale mail        |    53 |    11 |       ||    64
         Leather armour    |     2 |       |       ||     2
         Chain mail        |       |    46 |     5 ||    51
  Dodge: Dodged            |    51 |    41 |     9 ||   101

Table legend: (Time is in decaauts)
 A = Elapsed time spent in this place.
 B = Non-inter-level travel time spent in this place.
 C = Inter-level travel time spent in this place.
 D = Time resting spent in this place.
 E = Time spent auto-exploring this place.
 F = Levels seen in this place.
 G = Mean time per level.
                   A        B        C        D        E       F      G
               +--------+--------+--------+--------+--------+-----+--------+
         Total |   3615 |   3441 |    174 |    544 |   2360 |   4 |  903.8 |
       Dungeon |   3615 |   3441 |    174 |    544 |   2360 |   4 |  903.8 |
               +--------+--------+--------+--------+--------+-----+--------+

Top non-repeatable levels by time:
     D:3: 1032 daAuts
     D:2: 879 daAuts
     D:4: 858 daAuts
     D:1: 845 daAuts
